 Dungeon Crawl Stone Soup version 0.18.1-1-g2f07953 (webtiles) character file.

76475 kspaans the Severer (level 15, 141/141 HPs)
             Began as a Minotaur Berserker on May 17, 2016.
             Was a High Priest of Trog.
             Took a swim in molten lava
             ... in a volcano on May 18, 2016.
             The game lasted 03:02:01 (22677 turns).

kspaans the Severer (Minotaur Berserker)           Turns: 22677, Time: 03:02:02

Health: 141/141    AC: 26    Str: 26    XL:     15   Next: 12%
Magic:  20/20      EV: 18    Int:  9    God:    Trog [*****.]
Gold:   2028       SH:  0    Dex: 21    Spells: 0 memorised, 14 levels left

rFire  + + +     SeeInvis .     G - +2 executioner's axe of Kenoxkiu {chop, *Confuse rF++ MR+ Int+2}
rCold  . . .     Gourm    .     R - +5 scale mail of Kexachas {+Blink rPois Int+3}
rNeg   . . .     Faith    .     (shield currently unavailable)
rPois  +         Spirit   .     g - +0 hat
rElec  .         Dismiss  .     Q - +3 cloak of Immorality {Dex+3 Stlth+}
rCorr  .         Reflect  .     J - +2 pair of gloves {Str+3}
SustAt .         Harm     .     F - +2 pair of boots {run}
MR     +++..                    L - amulet of magic regeneration
Stlth  +++.......               N - ring "Loili" {rF+ MR+ Dex+3}
                                i - ring "Mumetzas" {Slay+2 Stlth+}

@: quick, extremely resistant to hostile enchantments, fairly stealthy
A: retaliatory headbutt, horns 2, no device heal 1, MP-powered wands
a: Berserk, Trog's Hand, Brothers in Arms, Burn Spellbooks, Renounce Religion,
Evoke Blink


You were in a volcano.
You worshipped Trog.
Trog was extremely pleased with you.
You were not hungry.

You visited 4 branches of the dungeon, and saw 25 of its levels.
You also visited: Bailey and Volcano.

You collected 3098 gold pieces.
You spent 1070 gold pieces at shops.

Inventory:

Hand Weapons
 s - a +1 battleaxe of flaming
 v - the +13 Scythe of Curses {drain, *Curse}
   (You took it off an orc on level 4 of the Dungeon)

   A truly terrible weapon, it drains the life of those it strikes.
   It may re-curse itself when equipped.
 C - the +3 hand axe of the Jester {holy, rF+ Dex+2}
   (You bought it in a shop on level 7 of the Dungeon)

   It has been blessed by the Shining One to cause great damage to the undead
   and demons.
   It affects your dexterity (+2).
   It protects you from fire.
 G - the +2 executioner's axe of Kenoxkiu (weapon) {chop, *Confuse rF++ MR+ Int+2}
   (Trog gifted it to you in a bailey)

   It inflicts extra damage upon your enemies.
   It affects your intelligence (+2).
   It greatly protects you from fire.
   It affects your resistance to hostile enchantments.
   It may confuse you when you take damage.
Armour
 g - a +0 hat (worn)
 F - a +2 pair of boots of running (worn)
 J - a +2 pair of gloves of strength (worn)
 Q - the +3 cloak of Immorality (worn) {Dex+3 Stlth+}
   (You acquired it on level 12 of the Dungeon)

   It affects your dexterity (+3).
   It makes you more stealthy.
 R - the +5 scale mail of Kexachas (worn) {+Blink rPois Int+3}
   (You found it on level 9 of the Dungeon)

   It affects your intelligence (+3).
   It protects you from poison.
   It lets you blink.
Rods
 Y - a +0 lightning rod (9/9)
   (You found it on level 11 of the Dungeon)
Jewellery
 i - the ring "Mumetzas" (left hand) {Slay+2 Stlth+}
   (You found it on level 10 of the Dungeon)

   [ring of slaying]

   It affects your accuracy and damage with ranged weapons and melee attacks
   (+2).
   It makes you more stealthy.
 L - an amulet of magic regeneration (around neck)
 N - the ring "Loili" (right hand) {rF+ MR+ Dex+3}
   (You acquired it on level 12 of the Dungeon)

   [ring of protection from magic]

   It affects your dexterity (+3).
   It protects you from fire.
   It affects your resistance to hostile enchantments.
 T - an uncursed ring of magical power
Wands
 p - a wand of iceblast (0/15)
 q - a wand of lightning (2/15)
 x - a wand of confusion (30/48)
 y - a wand of flame (12/48)
 D - a wand of paralysis (9/24)
 I - a wand of digging (14/24)
 U - a wand of disintegration (13/24)
Scrolls
 f - 5 scrolls of blinking
 h - 5 scrolls of teleportation
 m - 2 scrolls of enchant weapon {unknown}
 t - 3 scrolls of noise
 w - 10 scrolls of identify
 z - 4 scrolls of fog
 E - a scroll of fear
 H - a scroll of enchant armour {unknown}
 S - a scroll of vulnerability
 Z - 7 scrolls of remove curse
Potions
 b - 4 potions of cancellation
 e - 4 potions of haste
 j - 4 potions of might
 k - 5 potions of flight
 l - a potion of ambrosia
 o - 2 potions of cure mutation {unknown}
 u - 5 potions of agility
 A - 2 potions of heal wounds
 B - 7 potions of curing
 M - 3 potions of lignification
 X - 2 potions of invisibility
Miscellaneous
 a - a box of beasts
 K - a plain deck of defence {the Shaft}
 P - a plain deck of escape
Comestibles
 c - 19 bread rations
 d - 22 royal jellies
 n - 5 meat rations
 r - 3 beef jerkies
 V - 8 fruits


   Skills:
 * Level 15.5 Fighting
 * Level 17.5(18.0) Axes
 - Level 8.1(13.9) Polearms
 * Level 12.9 Armour
 + Level 8.5 Dodging
 - Level 1.8 Stealth
 + Level 8.0 Evocations


You had 14 spell levels left.
You didn't know any spells.

Dungeon Overview and Level Annotations

Branches:
Dungeon (14/15)            Temple (1/1) D:4            Lair (8/8) D:9
  Swamp (0/4) Lair:4        Snake (0/4) Lair:4          Orc (2/2) D:10
    Elf (0/3) Orc:2
  Slime: Lair:6-8    Vaults: D:13-14

Altars:
Ashenzari
Cheibriados
Dithmenos
Elyvilon
Fedhas
Gozag
Kikubaaqudgha
Makhleb
Nemelex Xobeh
Okawaru
Pakellas
Qazlal
Ru
Sif Muna
Trog
Vehumet
Xom
Yredelemnul
Zin
The Shining One
Beogh

Shops:
D:7 (   Orc:2 *!!:

Annotations:
D:2 1 runed door


Innate Abilities, Weirdness & Mutations

You reflexively headbutt those who attack you in melee.
You have a pair of horns on your head.
Potions and wands are less effective at restoring your health.
You expend magic power (3 MP) to strengthen your wands.


Message History

There is an open door here.
HP restored.
You now have 1989 gold pieces (gained 15).
You now have 2009 gold pieces (gained 20).
The air gets thick with the scent of sulphur.
You now have 2028 gold pieces (gained 19).
In the distance, the volcano erupts with a roar.
There is an open door here.
Partly explored, can't reach some places.
The air gets thick with the scent of sulphur.
In the distance, the volcano erupts with a roar.
There is a rocky tunnel leading out of this place here.
Drink which item? (? for menu, Esc to quit)
You feel very buoyant.
You fly up into the air.
Careful!
You are starting to lose your buoyancy.
You float gracefully downwards.
You fall into the lava!
The lava burns you to a cinder!
You die...

####≈####≈##≈###
#≈≈≈§≈≈≈≈≈§≈§§≈###
≈§≈≈§≈≈≈§≈§§§§≈§≈##
§§§≈≈≈≈8§§≈≈≈≈≈≈≈≈##
§≈§≈8≈≈≈≈§8≈≈§§≈≈≈§##
≈≈§§≈≈≈≈§≈≈§§§§≈≈≈≈§###
≈≈8≈≈≈≈≈§≈≈§8§§≈≈≈§§§§##
≈§≈≈≈≈≈§§≈≈≈§§≈§§§≈§≈≈§##
§≈§≈8≈≈≈≈≈8≈≈§≈§@§§≈§≈§≈##
≈§≈§≈≈≈8≈≈≈≈§≈≈§§§≈≈≈§≈≈≈#
§≈≈≈§§≈≈≈§§§§§≈≈§§§≈≈§.≈≈#
≈≈§≈≈≈≈≈≈≈§§§§≈≈≈≈≈≈....#
≈≈≈§≈≈≈≈≈§§≈§§≈≈≈≈§....##
≈≈§≈§≈≈≈≈§§§≈§§§......##
≈≈≈§§≈≈≈§≈≈≈.........##
≈§§≈≈≈≈≈≈≈≈...∩..∩..##
..≈≈≈≈§≈≈≈.........##


There were no monsters in sight!

Vanquished Creatures
  Maud (Lair:4)
  An orc warlord (Bailey)
  A salamander stormcaller (D:13)
  Snorg (Orc:2)
  Josephine (D:13)
  2 hydras
  Erolcha (D:8)
  The ghost of Guenter the Cleaver, a journeyman DDFi of Makhleb (Lair:1)
  2 centaur warriors
  An orc high priest (Orc:2)
  A salamander mystic (D:13)
  2 hill giants
  The ghost of Shasbat the Destroyer, a novice DECj of Vehumet (D:7)
  5 orc knights
  2 ugly things (D:13)
  A deep elf mage (D:12)
  A cyclops (D:12)
  3 salamanders (D:13)
  3 orc sorcerers
  A griffon (Lair:6)
  Maurice (D:8)
  A black mamba (Lair:2)
  A manticore (D:10)
  The ghost of Shasbat the Destroyer, a novice DECj of Vehumet (D:6)
  4 centaur zombies
  7 spiny frogs
  4 komodo dragons (Lair:3)
  A guardian mummy (Volcano)
  4 trolls
  2 tengu conjurers (D:13)
  A queen bee (Lair:2)
  2 minotaur skeletons (Volcano)
  2 two-headed ogres (D:8)
  12 blink frogs
  2 flying skulls (Volcano)
  41 yaks
  2 vampires (Volcano)
  An air elemental (Orc:2)
  2 wyverns
  4 wraiths (D:13)
  A hungry ghost (D:12)
  Grum (D:9)
  2 basilisks
  A hill giant skeleton (Volcano)
  A warg (Orc:1)
  8 hippogriffs
  11 water moccasins
  11 porcupines
  4 ice beasts
  26 orc warriors
  2 sky beasts (D:9)
  A phantom (D:10)
  11 ogres
  15 wolves
  A black bear (Lair:4)
  A necrophage (D:8)
  17 centaurs
  9 crocodiles
  2 manticore skeletons (Volcano)
  A big kobold (D:8)
  3 gnoll sergeants
  19 giant frogs
  A wyvern zombie (D:11)
  3 scorpions
  26 killer bees
  4 wights (D:6)
  A troll skeleton (Volcano)
  12 howler monkeys (D:8)
  2 electric eels (Lair:1)
  4 crimson imps
  4 giant frog zombies
  2 quasits
  An iron imp (D:5)
  24 orc wizards
  6 centaur skeletons
  5 hounds
  8 jellies
  A giant frog skeleton (D:9)
  21 orc priests
  8 iguanas
  A two-headed ogre skeleton (Volcano)
  Natasha (D:4)
  21 worker ants
  Ijyb (D:3)
  A hell rat (Orc:2)
  A killer bee zombie (D:10)
  13 sheep
  2 hound zombies
  3 ogre skeletons (Volcano)
  2 mummies (Volcano)
  A worker ant zombie (D:10)
  7 gnolls
  12 adders
  58 river rats
  4 shadow imps
  6 oozes
  2 adder skeletons (D:10)
  4 adder zombies
  2 dart slugs (D:1)
  4 worms
  5 giant geckos
  88 orcs
  7 bats
  9 giant cockroaches
  14 goblins
  7 hobgoblins
  6 jackals
  7 quokkas
  4 ball pythons
  A giant gecko skeleton (D:4)
  7 giant newts
  A goblin skeleton (D:2)
  A jackal skeleton (D:5)
  19 kobolds
  9 rats
  3 fungi
  5 plants
747 creatures vanquished.

Vanquished Creatures (collateral kills)
  Rupert (Orc:2)
  An orc warlord (D:10)
  Nessos (D:13)
  2 orc high priests (Orc:2)
  2 slime creatures (D:13)
  2 orc knights
  2 orc sorcerers (Orc:2)
  A two-headed ogre (Orc:2)
  A hippogriff (Lair:2)
  A porcupine (Lair:3)
  12 orc warriors
  An ogre (D:10)
  An orc priest (Orc:2)
  An orc wizard (Orc:2)
  4 sheep (Lair:3)
  An adder skeleton (D:5)
  16 orcs
50 creatures vanquished.

Vanquished Creatures (others)
  An orc wizard (D:8)
  An orc (Orc:2)
  A fungus (Lair:2)
  2 plants (Lair:1)
5 creatures vanquished.

Grand Total: 802 creatures vanquished

Notes
Turn   | Place    | Note
--------------------------------------------------------------
     0 | D:1      | kspaans the Minotaur Berserker began the quest for the Orb.
     0 | D:1      | Reached XP level 1. HP: 19/19 MP: 0/0
   283 | D:1      | Reached XP level 2. HP: 16/27 MP: 1/1
   940 | D:2      | Reached skill level 4 in Axes
   945 | D:2      | Reached XP level 3. HP: 30/34 MP: 2/2
  1018 | D:2      | Reached ** piety under Trog
  1061 | D:2      | Found a glowing golden altar of the Shining One.
  1235 | D:2      | Found a burning altar of Makhleb.
  1239 | D:2      | Reached skill level 5 in Fighting
  1239 | D:2      | Reached XP level 4. HP: 42/42 MP: 3/3
  1795 | D:2      | Reached skill level 1 in Stealth
  1856 | D:2      | Found a runed door.
  1856 | D:2      | Noticed a human
  1861 | D:2      | Found a basalt altar of Yredelemnul.
  2151 | D:3      | Reached XP level 5. HP: 30/48 MP: 4/4
  2448 | D:3      | Noticed Ijyb
  2455 | D:3      | Killed Ijyb
  2656 | D:3      | Reached *** piety under Trog
  3014 | D:4      | Reached XP level 6. HP: 56/56 MP: 5/5
  3049 | D:4      | Reached skill level 5 in Axes
  3134 | D:4      | Found a staircase to the Ecumenical Temple.
  3139 | Temple   | Entered the Ecumenical Temple
  3271 | D:5      | Entered Level 5 of the Dungeon
  3275 | D:5      | Reached skill level 1 in Evocations
  3453 | D:4      | Reached XP level 7. HP: 62/62 MP: 5/7
  3586 | D:4      | Noticed Natasha
  3591 | D:4      | Killed Natasha
  4227 | D:4      | Reached **** piety under Trog
  4483 | D:5      | Found a snail-covered altar of Cheibriados.
  4488 | D:5      | Reached skill level 5 in Armour
  4647 | D:5      | Reached skill level 1 in Polearms
  4725 | D:5      | Found a shadowy altar of Dithmenos.
  4877 | D:5      | Reached XP level 8. HP: 68/71 MP: 8/8
  5074 | D:5      | Reached skill level 6 in Axes
  5094 | D:5      | Found a sacrificial altar of Ru.
  5781 | D:6      | Noticed Shasbat's ghost (novice DECj)
  5788 | D:6      | Killed Shasbat's ghost
  5788 | D:6      | Reached skill level 5 in Polearms
  5788 | D:6      | Reached XP level 9. HP: 81/81 MP: 8/10
  6090 | D:7      | Found a glowing silver altar of Zin.
  6271 | D:7      | Found Nexze's Antique Weapon Boutique.
  6278 | D:7      | Bought a dazzling hand axe for 240 gold pieces
  6279 | D:7      | Identified the +3 hand axe of the Jester {holy, rF+ Dex+2} (You bought it in a shop on level 7 of the Dungeon)
  6292 | D:7      | Found a bloodstained altar of Trog.
  6292 | D:7      | Found a sparkling altar of Nemelex Xobeh.
  6292 | D:7      | Found a basalt altar of Yredelemnul.
  6387 | D:7      | Noticed Shasbat's ghost (novice DECj)
  6394 | D:7      | Reached ***** piety under Trog
  6398 | D:7      | Killed Shasbat's ghost
  6816 | D:9      | Found a flagged portal.
  6848 | Bailey   | Entered a bailey
  6872 | Bailey   | Noticed an orc warlord
  6992 | Bailey   | Noticed an orc knight
  7001 | Bailey   | Killed an orc knight
  7001 | Bailey   | Received a gift from Trog
  7001 | Bailey   | Reached skill level 7 in Axes
  7004 | Bailey   | Got an iridescent executioner's axe {god gift}
  7007 | Bailey   | Identified the +2 executioner's axe of Kenoxkiu {chop, *Confuse rF++ MR+ Int+2} (Trog gifted it to you in a bailey)
  7029 | Bailey   | Found a runed gate.
  7029 | Bailey   | Found a runed gate.
  7030 | Bailey   | Found a runed gate.
  7100 | Bailey   | Killed an orc warlord
  7100 | Bailey   | Reached skill level 5 in Dodging
  7100 | Bailey   | Reached XP level 10. HP: 91/91 MP: 11/11
  7380 | D:8      | Reached skill level 10 in Fighting
  7661 | D:8      | Noticed Maurice
  7668 | D:8      | Killed Maurice
  7668 | D:8      | Reached skill level 8 in Axes
  7734 | D:8      | Found an ancient bone altar of Kikubaaqudgha.
  7775 | D:8      | Noticed Erolcha
  7783 | D:8      | Killed Erolcha
  7783 | D:8      | Reached skill level 9 in Axes
  8156 | D:8      | Found a stormy altar of Qazlal.
  8247 | D:9      | Noticed Grum
  8259 | D:9      | Killed Grum
  8381 | D:10     | Entered Level 10 of the Dungeon
  8410 | D:9      | Found an iron altar of Okawaru.
  8417 | D:9      | Reached XP level 11. HP: 92/101 MP: 13/13
  8634 | D:9      | Received a gift from Trog
  8650 | D:9      | Reached skill level 10 in Axes
  8867 | D:9      | Got an ancient scale mail
  8878 | D:9      | Identified the +5 scale mail of Kexachas {+Blink rPois Int+3} (You found it on level 9 of the Dungeon)
  8954 | D:9      | Noticed a centaur warrior
  8959 | D:9      | Killed a centaur warrior
  8977 | D:9      | Got a scorched leather armour
  9257 | D:9      | Found a staircase to the Lair.
  9541 | D:9      | Identified the cursed +0 leather armour of the Special Spirits {rN++} (You found it on level 9 of the Dungeon)
  9841 | D:10     | Reached skill level 11 in Axes
  9841 | D:10     | Reached skill level 10 in Armour
 10117 | D:10     | Found a staircase to the Orcish Mines.
 10206 | D:10     | Noticed a hill giant
 10215 | D:10     | Killed a hill giant
 10317 | D:10     | Got a brightly glowing wooden ring
 10318 | D:10     | Identified the ring "Mumetzas" {Slay+2 Stlth+} (You found it on level 10 of the Dungeon)
 10644 | D:10     | Reached skill level 5 in Evocations
 10681 | Orc:1    | Entered Level 1 of the Orcish Mines
 10689 | Orc:2    | Entered Level 2 of the Orcish Mines
 10696 | Orc:2    | Noticed Rupert
 10703 | Orc:2    | Killed Rupert
 10735 | Orc:2    | Noticed Snorg
 10739 | Orc:2    | Noticed an orc sorcerer
 10741 | Orc:2    | Noticed an orc warlord
 10743 | Orc:2    | Killed Snorg
 10757 | Orc:2    | Noticed an orc sorcerer
 10821 | D:10     | Killed an orc warlord
 10821 | D:10     | Reached skill level 12 in Axes
 11436 | Orc:2    | Killed an orc sorcerer
 11436 | Orc:2    | Received a gift from Trog
 11782 | Orc:1    | Noticed an orc knight
 11790 | Orc:1    | Reached XP level 12. HP: 98/112 MP: 15/15
 12833 | Orc:2    | Found a staircase to the Elven Halls.
 13187 | Orc:2    | Noticed an orc high priest
 13190 | Orc:2    | Noticed an orc high priest
 13190 | Orc:2    | Killed an orc high priest
 13193 | Orc:2    | Noticed an orc high priest
 13197 | Orc:2    | Killed an orc high priest
 13597 | Orc:2    | Reached skill level 13 in Axes
 13602 | Orc:2    | Killed an orc high priest
 13789 | Orc:2    | Received a gift from Trog
 14027 | Orc:2    | Received a gift from Trog
 14231 | Orc:2    | Found Rythroptey's General Store.
 14231 | Orc:2    | Found Ydureas's Book Shoppe.
 14233 | Orc:2    | Found Ynelics's Distillery.
 14233 | Orc:2    | Found Wekhliuni's Distillery.
 14242 | Orc:2    | Bought a potion of curing for 36 gold pieces
 14242 | Orc:2    | Bought a potion of lignification for 36 gold pieces
 14257 | Orc:2    | Bought a potion of haste for 130 gold pieces
 14257 | Orc:2    | Bought a potion of curing for 39 gold pieces
 14257 | Orc:2    | Bought a potion of invisibility for 104 gold pieces
 14257 | Orc:2    | Bought a potion of haste for 130 gold pieces
 14257 | Orc:2    | Bought a potion of curing for 39 gold pieces
 14280 | Orc:2    | Bought a scroll of identify for 24 gold pieces
 14280 | Orc:2    | Bought a scroll of vulnerability for 90 gold pieces
 14280 | Orc:2    | Bought 5 fruits for 90 gold pieces
 14280 | Orc:2    | Bought a meat ration for 60 gold pieces
 14284 | Orc:2    | Bought a potion of agility for 52 gold pieces
 14978 | D:11     | Found a burning altar of Makhleb.
 15038 | D:11     | Reached skill level 14 in Axes
 15038 | D:11     | Reached XP level 13. HP: 122/122 MP: 15/17
 15042 | D:11     | Gained mutation: Potions and wands are less effective at restoring your health. [potion of mutation]
 15042 | D:11     | Gained mutation: You expend magic power (3 MP) to strengthen your wands. [potion of mutation]
 15783 | D:12     | Identified a scroll of acquirement
 15904 | D:12     | Got a faintly glowing cloak
 15916 | D:12     | Identified the +3 cloak of Immorality {Dex+3 Stlth+} (You acquired it on level 12 of the Dungeon)
 15931 | D:12     | Identified a +2 pair of boots of running (You acquired it on level 12 of the Dungeon)
 15933 | D:12     | Got a heavily runed granite ring
 15935 | D:12     | Identified the ring "Loili" {rF+ MR+ Dex+3} (You acquired it on level 12 of the Dungeon)
 16582 | D:13     | Noticed Nessos
 16588 | D:13     | Killed Nessos
 16639 | D:13     | Noticed Josephine
 16680 | D:13     | Killed Josephine
 16792 | D:13     | Noticed a salamander stormcaller
 16813 | D:13     | Reached XP level 14. HP: 130/130 MP: 18/18
 16928 | D:13     | Reached skill level 15 in Axes
 17291 | D:13     | Found a roughly hewn altar of Beogh.
 17670 | Lair:1   | Entered Level 1 of the Lair of Beasts
 17736 | Lair:1   | Noticed Guenter's ghost (journeyman DDFi)
 17748 | Lair:1   | Killed Guenter's ghost
 17957 | Lair:1   | Received a gift from Trog
 18331 | Lair:1   | Reached skill level 16 in Axes
 18982 | Lair:2   | Received a gift from Trog
 19734 | Lair:2   | Received a gift from Trog
 20148 | Lair:3   | Reached skill level 15 in Fighting
 20884 | Lair:4   | Found a staircase to the Swamp.
 21165 | Lair:4   | Reached ****** piety under Trog
 21230 | Lair:4   | Received a gift from Trog
 21255 | Lair:4   | Noticed Maud
 21265 | Lair:4   | Killed Maud
 21265 | Lair:4   | Reached skill level 17 in Axes
 21550 | Lair:4   | Found a staircase to the Snake Pit.
 21554 | Lair:4   | Reached XP level 15. HP: 114/141 MP: 20/20
 22215 | Lair:5   | You fall through a shaft for 3 floors!
 22215 | Lair:8   | Entered Level 8 of the Lair of Beasts
 22273 | Lair:6   | Found a dark tunnel.
 22283 | Volcano  | Entered a volcano
 22677 | Volcano  | Took a swim in molten lava

Skill      XL: |  1  2  3  4  5  6  7  8  9 10 11 12 13 14 |
---------------+-------------------------------------------+-----
Fighting       | 4 5 6 7 9 10 12 13 15 | 15.5
Axes           | 4 5 6 7 9 12 14 17 | 17.5
Armour         | 3 4 5 7 8 9 10 11 12 | 12.9
Stealth        | 1 |  1.8
Dodging        | 3 4 5 6 7 8 |  8.5
Evocations     | 1 2 3 4 5 6 7 8 |  8.0
Polearms       | 1 5 8 |  8.1

Action                   |  1- 3 |  4- 6 |  7- 9 | 10-12 | 13-15 || total
-------------------------+-------+-------+-------+-------+-------++-------
Melee: Hand axe          |    58 |   142 |    55 |       |       ||   255
       Headbutt          |     5 |    25 |    21 |    92 |   148 ||   291
       Scythe            |       |       |   170 |       |       ||   170
       Executioner's axe |       |       |     6 |   392 |   491 ||   889
       Battleaxe         |       |       |       |       |    23 ||    23
       Trident           |       |       |       |       |     2 ||     2
Invok: Berserk           |       |     4 |     4 |    12 |    10 ||    30
       Brothers in Arms  |       |       |     1 |     8 |     6 ||    15
       Burn Spellbooks   |       |       |       |     3 |     3 ||     6
 Abil: Evoke Blink       |       |       |       |     2 |       ||     2
Evoke: Wand              |       |       |       |     8 |    24 ||    32
  Use: Scroll            |       |     7 |     7 |     8 |    10 ||    32
       Potion            |       |     2 |     3 |     2 |     7 ||    14
 Stab: Sleeping          |     1 |     1 |       |     1 |    12 ||    15
       Distracted        |       |       |       |     1 |     2 ||     3
  Eat: Chunk             |     1 |    10 |    14 |    14 |    16 ||    55
       Fruit             |       |       |     3 |     1 |     2 ||     6
       Meat ration       |       |       |       |     3 |     2 ||     5
       Bread ration      |       |       |       |     2 |     1 ||     3
       Beef jerky        |       |       |       |     1 |       ||     1
       Royal jelly       |       |       |       |       |     1 ||     1
       Pizza             |       |       |       |       |     1 ||     1
Armor: Robe              |    11 |     8 |       |       |       ||    19
       Leather armour    |       |    10 |       |       |       ||    10
       Scale mail        |       |    13 |    19 |   152 |   220 ||   404
       Ring mail         |       |     1 |       |       |       ||     1
       Chain mail        |       |       |   101 |       |       ||   101
       Plate armour      |       |       |       |   125 |       ||   125
Dodge: Dodged            |    33 |    85 |   121 |   320 |   455 ||  1014
